 Dungeon Crawl Stone Soup version 0.30-b1-2-g02819fbbbe (webtiles) character file.

Game seed: 2757649714604607743

92491 LLlMATKO the Severer (level 15, -2/143 HPs)
             Began as a Minotaur Berserker on July 29, 2023.
             Was a High Priest of Trog.
             Slain by a catoblepas (23 damage)
             ... on level 13 of the Dungeon on Aug 2, 2023.
             The game lasted 00:33:47 (25040 turns).

LLlMATKO the Severer (Minotaur Berserker)          Turns: 25040, Time: 00:33:47

Health: -2/143     AC: -4    Str: 28    XL:     15   Next: 58%
Magic:  10/14      EV:  6    Int:  4    God:    Trog [*****.]
Gold:   3066       SH: 22    Dex: 11    Spells: 14/14 levels left

rFire   + + +        W - +3 broad axe of Hunofob {flame, rPois rF+}
rCold   + + .        G - +0 tower shield
rNeg    + . .        p - +1 plate armour {rF+}
rPois   +            (helmet restricted)
rElec   +            k - +2 cloak
rCorr   +            (no gloves)
SInv    .            B - +0 pair of boots
Will    ++...        l - amulet of reflection Stlth
                     O - ring of flight
HPRegen 0.43/turn    D - ring "Podil" {rPois rC+ rN+ Will+}
MPRegen 0.14/turn

%: reflection
@: mighty, about to teleport, resistant, petrifying (expiring), corroded,
flying, mesmerised, very slow
A: horns 2, retaliatory headbutt
a: Renounce Religion, Berserk, Trog's Hand, Brothers in Arms


You were on level 13 of the Dungeon.
You worshipped Trog.
Trog was extremely pleased with you.
You visited 3 branches of the dungeon, and saw 20 of its levels.
You also visited: Ossuary, Bailey and Ice Cave.

You collected 3628 gold pieces.
You spent 562 gold pieces at shops.

Inventory:

Hand Weapons
 a - a +1 heavy hand axe
 q - a +6 antimagic broad axe
 H - a +1 hand axe of flaming
 I - a +4 antimagic war axe
 W - the +3 broad axe of Hunofob (weapon) {flame, rPois rF+}
   (Trog gifted it to you on level 5 of the Lair of Beasts)

   rF:        It protects you from fire.
   rPois:     It protects you from poison.
 X - a +3 antimagic broad axe
Missiles
 d - 3 throwing nets
 h - 4 atropa-tipped darts
 i - 45 boomerangs (quivered)
 j - 70 poisoned darts
 w - 4 datura-tipped darts
 z - 9 curare-tipped darts
Armour
 k - a +2 cloak (worn)
 p - a +1 plate armour of fire resistance (worn)
 B - a +0 pair of boots (worn)
 G - a +0 tower shield (worn)
 Q - a +1 plate armour of cold resistance
Jewellery
 e - a ring of protection from fire
 l - an amulet of reflection (around neck)
 D - the ring "Podil" (right hand) {rPois rC+ rN+ Will+}
   (You found it in an ice cave)

   [ring of willpower]

   rC:        It protects you from cold.
   rPois:     It protects you from poison.
   rN:        It protects you from negative energy.
   Will:      It increases your willpower.
 M - the ring "Povyadat" {rC+ MP-9 Int+6 Stlth+}
   (You found it in an ice cave)

   [ring of protection from cold]

   Int:       It affects your intelligence (+6).
   rC:        It protects you from cold.
   MP:        It affects your magic capacity (-9).
   Stlth:     It makes you more stealthy.
 N - a ring of fire
 O - a ring of flight (left hand)
 P - a ring of fire
Wands
 y - a wand of mindburst (9)
 C - a wand of charming (17)
 F - a wand of iceblast (4)
 L - a wand of flame (33)
 R - a wand of digging (16)
 V - a wand of acid (12)
Scrolls
 b - 5 scrolls of fog
 c - 9 scrolls of identify
 o - 8 scrolls of teleportation
 E - 2 scrolls of enchant armour
 J - 3 scrolls of enchant weapon
 K - 2 scrolls of silence
 T - a scroll of brand weapon
 U - 3 scrolls of blinking
 Z - a scroll of poison
Potions
 f - 3 potions of cancellation
 g - 11 potions of curing
 m - 10 potions of degeneration {unknown}
 n - 10 potions of might {unknown}
 r - 4 potions of mutation {unknown}
 s - 3 potions of heal wounds {unknown}
 t - a potion of invisibility {unknown}
 u - a potion of resistance {unknown}
 v - 5 potions of flight {unknown}
 x - 2 potions of magic {unknown}
 S - 5 potions of haste {unknown}


   Skills:
 + Level 15.7 Fighting
 + Level 15.8 Axes
 + Level 15.7 Armour
 + Level 14.4 Dodging
 + Level 14.0 Shields


You had 14 spell levels left.
You didn't know any spells.
Your spell library was empty.

Dungeon Overview and Level Annotations

Branches:
Dungeon (13/15)            Temple (0/1) D:5            Lair (5/5) D:11
 Shoals (0/4) Lair:2        Snake (0/4) Lair:2        Slime (0/5) Lair:5
    Orc (2/2) D:12            Elf (0/3) Orc:2       Ossuary (visited)
 Bailey (visited)           IceCv (visited)
 Vaults: D:13-14

Altars:
Fedhas
Makhleb
Qazlal
Trog
Xom
Zin
Jiyva

Shops:
D:3 ?   D:5 =*   Orc:2 *=(:

Annotations:
D:9 2 transporters, discopopstar's ghost, novice DECj
D:13 1 runed translucent door, exclusion: obsidian statue, diceflayer's ghost, journeyman DsHu


Innate Abilities, Weirdness & Mutations

You have a pair of horns on your head.
You reflexively headbutt those who attack you in melee.


Message History

* * * LOW HITPOINT WARNING * * *
The blast of calcifying dust hits the sun demon.
You block the shadow imp's attack.
Unknown command.
Unknown command.
Unknown command.
You cannot move away from the obsidian statue!
Unknown command.
You slash the obsidian statue!
You headbutt the obsidian statue, but do no damage.
The obsidian statue is heavily damaged.
You hit the catoblepas but do no damage.
You hit the sun demon but do no damage.
You hit the rust devil but do no damage.
You hit the shadow imp. You burn the shadow imp.
The sun demon is engulfed in calcifying dust.
The sun demon is moving more slowly.
You block the sun demon's attack. You block the rust devil's attack.
You block the catoblepas's attack.
The crimson imp blinks!
The shadow imp hits you.
* * * LOW HITPOINT WARNING * * *
The sun demon is engulfed in calcifying dust.
The sun demon stops moving altogether!
The rust devil hits you.
* * * LOW HITPOINT WARNING * * *
Your limbs are stiffening.
Unknown command.
Unknown command.
You hit the obsidian statue but do no damage.
You headbutt the obsidian statue.
The obsidian statue is severely damaged.
You slash the catoblepas! You burn the catoblepas.
The helpless sun demon fails to defend itself.
You hit the sun demon but do no damage.
You hit the rust devil but do no damage.
You hit the shadow imp but do no damage.
The catoblepas barely misses you.
The sun demon is engulfed in calcifying dust.
The shadow imp completely misses you. You furiously retaliate!
You headbutt the shadow imp, but do no damage.
You block the rust devil's attack. The catoblepas gores you!!
You die...

### #.# ###############
#.# #.............. #.#
#.#...........# #
#.#####.#...........# #
####.....#.#...........#
###
.............5..4Y4.....
..
##.#.###.#......@8[....#
# # #.#.#
#.###...355.....# #.##
#.#.. ... #..§.........
....
#.#.........§.........#
# #.#.
#.#.###.#.#...........#
#.#.#. .....
..#.§......$....# .#.#.
..#.# ######.##.##..#.##
.... ..# #####.##.#
?#...# #..# ..# #......
#...# .#..#


You could see a catoblepas, an obsidian statue (mesmerising), a sun demon
(summoned, petrified), an ice devil (summoned), a rust devil (summoned), a
crimson imp (summoned) and 2 shadow imps.

Vanquished Creatures
  The ghost of diceflayer the Warrior, a journeyman DsHu of Okawaru (Lair:2)
  The ghost of LLlMATKO the Fighter, a journeyman MiBe of Trog (Lair:4)
  Azrael (Orc:2)
  A fire dragon (Lair:5)
  An ettin (Orc:1)
  Josephine (Orc:2)
  Fannar (Orc:1)
  The ghost of redmage the Thaumaturge, a journeyman MeIE of Sif Muna (Lair:5)
  An ice dragon (IceCv)
  An ogre mage (Orc:2)
  7 hydras
  4 boulder beetles
  Erolcha (D:9)
  A catoblepas (Lair:2)
  3 two-headed ogres
  2 tengu warriors (D:13)
  10 death yaks
  A dancing weapon (Lair:4)
  The ghost of Discosetron the Skirmisher, a novice BaWr of Gozag (D:8)
  A skyshark (Lair:5)
  Nergalle (Orc:1)
  4 skeletal warriors (D:12)
  A swamp dragon (Lair:5)
  2 orc knights (Orc:2)
  An orc sorcerer (D:12)
  An oklob plant (Lair:2)
  2 manticores
  A merfolk siren (Lair:2)
  A cyclops (D:13)
  14 elephants
  2 ice statues (IceCv)
  A gargoyle (D:13)
  4 black mambas
  15 cane toads
  2 torpor snails (Lair:5)
  12 komodo dragons
  11 rime drakes
  2 unseen horrors (D:10)
  2 ice devils (Lair:2)
  A troll (Orc:1)
  11 polar bears
  2 merfolk
  A hornet (D:7)
  3 raiju (Lair:5)
  7 dream sheep
  14 blink frogs
  Sigmund (D:3)
  3 slime creatures
  62 yaks
  3 shadows
  5 wraiths
  8 wyverns
  Grum (D:11)
  4 basilisks
  2 steam dragons
  A fire elemental (Orc:2)
  8 wargs
  11 water moccasins
  17 hell hounds
  Duvessa (D:7)
  5 acid dragons
  A swamp drake (Lair:5)
  34 orc warriors
  14 black bears
  3 ice beasts
  7 ogres
  12 centaurs
  32 wolves
  6 phantoms
  11 kobold brigands
  3 elf zombies (Ossuary)
  4 bullfrogs
  A gnoll sergeant (D:7)
  4 scorpions
  A troll zombie (D:12)
  15 wights
  Dowan (D:7)
  11 killer bees
  5 lindwurm simulacra (IceCv)
  An electric eel (Lair:2)
  10 howler monkeys
  3 centaur zombies (Ossuary)
  3 human zombies (Ossuary)
  4 crimson imps (D:11)
  10 komodo dragon simulacra (IceCv)
  18 orc priests
  3 hounds
  27 jellies
  3 gnoll boudas
  2 sleepcaps (D:5)
  9 iguanas
  Natasha (thrice) (D:2)
  19 orc wizards
  4 hell rats (Lair:4)
  5 ogre zombies (D:12)
  A hound zombie (Ossuary)
  4 mummies
  Robin (D:2)
  16 gnolls
  An acid dragon simulacrum (IceCv)
  10 adders
  A river rat (Lair:4)
  3 shadow imps (D:7)
  A white imp (D:5)
  An ufetubus (D:6)
  5 steam dragon simulacra (IceCv)
  An adder zombie (Ossuary)
  2 worms
  73 orcs
  5 bats
  19 endoplasms
  4 giant cockroaches (D:3)
  11 goblins
  7 hobgoblins
  2 jackals (D:2)
  41 kobolds
  A quokka (D:4)
  7 ball pythons
  5 frilled lizards
  2 gnoll zombies (Ossuary)
  A goblin skeleton (D:12)
  5 goblin zombies
  A hobgoblin skeleton (D:12)
  6 hobgoblin zombies (Ossuary)
  4 jackal zombies (Ossuary)
  3 kobold zombies
  4 orc skeletons (D:12)
  13 orc zombies
  5 quokka zombies (Ossuary)
  9 rats
  A rat zombie (Ossuary)
  A bush (Lair:2)
857 creatures vanquished.

Vanquished Creatures (collateral kills)
  A boulder beetle (D:11)
  Sonja (Orc:2)
  An orc warrior (Orc:2)
3 creatures vanquished.

Vanquished Creatures (others)
  An iguana (Lair:5)
  An orc wizard (Orc:2)
  50 fungi
  60 plants
112 creatures vanquished.

Grand Total: 972 creatures vanquished

Notes
Turn   | Place    | Note
-------+----------+-------------------------------------------
     0 | D:1      | LLlMATKO the Minotaur Berserker began the quest for the
                  | Orb.
     0 | D:1      | Reached XP level 1. HP: 19/19 MP: 0/0
   256 | D:1      | Reached XP level 2. HP: 27/27 MP: 1/1
  1457 | D:2      | Reached XP level 3. HP: 33/33 MP: 2/2
  1463 | D:2      | Noticed Natasha
  1477 | D:2      | Killed Natasha
  1546 | D:2      | Noticed Robin
  1558 | D:2      | Killed Robin
  1559 | D:2      | Reached XP level 4. HP: 40/40 MP: 3/3
  1633 | D:2      | Noticed Natasha
  1645 | D:2      | Killed Natasha
  1794 | D:2      | Reached ** piety under Trog
  1801 | D:2      | Reached XP level 5. HP: 10/47 MP: 4/4
  2001 | D:2      | Noticed Natasha
  2008 | D:2      | Killed Natasha
  2079 | D:3      | Noticed Sigmund
  2088 | D:3      | Killed Sigmund
  2089 | D:3      | Reached skill level 5 in Fighting
  2089 | D:3      | Reached skill level 5 in Axes
  2089 | D:3      | Reached XP level 6. HP: 56/56 MP: 5/5
  2193 | D:3      | Found The Oracle's Delphic Readings.
  2197 | D:3      | Bought a scroll of magic mapping for 82 gold pieces
  2214 | D:3      | Found a stormy altar of Qazlal.
  2545 | D:3      | Found a faded altar of an unknown god.
  2839 | D:4      | Reached skill level 5 in Armour
  2839 | D:4      | Reached XP level 7. HP: 42/62 MP: 6/6
  2938 | D:4      | Found a glowing silver altar of Zin.
  3389 | D:5      | Entered Level 5 of the Dungeon
  3401 | D:5      | Reached skill level 5 in Dodging
  3476 | D:5      | Found a staircase to the Ecumenical Temple.
  3532 | D:5      | Identified the +4 rapier of Agony {elec, rF+ rCorr Str+3}
  3567 | D:5      | Identified the +5 quarterstaff "Odoeg" {holy, rElec rF+
                  | rN+}
  3641 | D:5      | Found a shimmering altar of Xom.
  3644 | D:5      | Found a blossoming altar of Fedhas.
  3718 | D:5      | Found Fais Magg's Jewellery Emporium.
  3732 | D:5      | Reached *** piety under Trog
  3733 | D:5      | Reached XP level 8. HP: 71/71 MP: 7/7
  3817 | D:5      | Found Efegin's General Store.
  3859 | D:5      | You fall into a shaft and drop 2 floors!
  4128 | D:6      | Found a sand-covered staircase.
  4135 | Ossuary  | Entered an ossuary
  4198 | Ossuary  | Reached **** piety under Trog
  4260 | Ossuary  | Reached skill level 1 in Shields
  4260 | Ossuary  | Reached XP level 9. HP: 76/81 MP: 8/8
  4915 | D:6      | Reached ***** piety under Trog
  5766 | D:7      | Paralysed by a hornet for 3 turns
  5854 | D:7      | Noticed Duvessa
  5855 | D:7      | Noticed Dowan
  5864 | D:7      | Killed Dowan
  5865 | D:7      | Killed Duvessa
  5917 | D:7      | Reached XP level 10. HP: 86/91 MP: 9/9
  6366 | D:7      | Reached skill level 5 in Shields
  6748 | D:8      | Found a runed translucent gate.
  6748 | D:8      | Found a runed translucent gate.
  6748 | D:8      | Found a runed translucent gate.
  6749 | D:8      | Noticed Discosetron's ghost (novice BaWr)
  7077 | D:8      | Found a flagged portal.
  7084 | Bailey   | Entered a bailey
  7193 | Bailey   | Reached skill level 10 in Axes
  7201 | Bailey   | Reached skill level 10 in Fighting
  7212 | Bailey   | Found an iron altar of Okawaru.
  7239 | Bailey   | Identified the amulet "Vidusaast" {RegenMP Contam Fly
                  | Int+8}
  7743 | D:8      | Killed Discosetron's ghost
  7836 | D:9      | Reached skill level 10 in Armour
  7836 | D:9      | Reached XP level 11. HP: 67/96 MP: 10/10
  8308 | D:9      | Reached ****** piety under Trog
  8612 | D:9      | Found a transporter.
  8614 | D:9      | Noticed a two-headed ogre
  8615 | D:9      | Noticed a two-headed ogre
  8617 | D:9      | Noticed discopopstar's ghost (novice DECj)
  8618 | D:9      | Noticed a two-headed ogre
  8619 | D:9      | Noticed a tengu warrior
  8619 | D:9      | Noticed a two-headed ogre
  8620 | D:9      | Found a bloodstained altar of Trog.
  8620 | D:9      | Noticed a two-headed ogre
  8755 | D:9      | Found a transporter.
  8757 | D:9      | Noticed Erolcha
  8767 | D:9      | Killed Erolcha
  8972 | D:10     | Entered Level 10 of the Dungeon
  9690 | D:10     | Found a burning altar of Makhleb.
  9690 | D:10     | Noticed a blizzard demon
 10134 | D:11     | Reached skill level 10 in Dodging
 10288 | D:11     | Noticed Grum
 10301 | D:11     | Killed Grum
 10398 | D:11     | Noticed a boulder beetle
 10399 | D:11     | Noticed a boulder beetle
 10413 | D:11     | Killed a boulder beetle
 10416 | D:11     | Killed a boulder beetle
 10456 | D:11     | Found a staircase to the Lair.
 10687 | D:11     | Found a shimmering altar of Xom.
 10818 | D:11     | Received a gift from Trog
 10920 | Lair:1   | Entered Level 1 of the Lair of Beasts
 11270 | Lair:1   | Reached XP level 12. HP: 61/110 MP: 11/11
 12002 | Lair:2   | Noticed a four-headed hydra
 12008 | Lair:2   | Noticed a catoblepas
 12022 | Lair:1   | Killed a one-headed hydra
 12340 | Lair:2   | Noticed a death yak
 12340 | Lair:2   | Noticed a death yak
 12342 | Lair:2   | Noticed a death yak
 12355 | Lair:2   | Killed a catoblepas
 12357 | Lair:2   | Killed a death yak
 12362 | Lair:2   | Killed a death yak
 12363 | Lair:2   | Killed a death yak
 12378 | Lair:2   | Reached skill level 10 in Shields
 12452 | Lair:2   | Found a frozen archway.
 12472 | IceCv    | Entered an ice cave
 13091 | IceCv    | Identified the ring "Podil" {rPois rC+ rN+ Will+}
 13527 | IceCv    | Noticed an ice dragon
 13541 | IceCv    | Killed an ice dragon
 13542 | IceCv    | Reached XP level 13. HP: 119/119 MP: 12/12
 13646 | IceCv    | Identified the ring "Povyadat" {rC+ MP-9 Int+6 Stlth+}
 13771 | Lair:2   | Received a gift from Trog
 13967 | Lair:2   | Noticed diceflayer's ghost (journeyman DsHu)
 14072 | Lair:2   | Found a runed translucent door.
 14635 | Lair:2   | Found a staircase to the Snake Pit.
 14785 | Lair:2   | Found a staircase to the Shoals.
 15195 | Lair:2   | Killed diceflayer's ghost
 16261 | Lair:3   | Received a gift from Trog
 16309 | Lair:3   | Reached XP level 14. HP: 75/130 MP: 13/13
 17288 | Lair:4   | Found a runed translucent door.
 17411 | Lair:4   | Found a shimmering altar of Xom.
 17411 | Lair:4   | Noticed LLlMATKO's ghost (journeyman MiBe)
 17657 | Lair:4   | Killed LLlMATKO's ghost
 17861 | Lair:5   | Entered Level 5 of the Lair of Beasts
 18348 | Lair:5   | Received a gift from Trog
 19692 | Lair:5   | Found a staircase to the Slime Pits.
 19693 | Lair:5   | Found a viscous altar of Jiyva.
 19922 | Lair:5   | Noticed redmage's ghost (journeyman MeIE)
 19923 | Lair:5   | Found a transporter.
 19926 | Lair:5   | Found a transporter.
 19944 | Lair:5   | Reached skill level 15 in Axes
 19976 | Lair:5   | Identified the +3 broad axe of Hunofob {flame, rPois rF+}
                  | (Trog gifted it to you on level 5 of the Lair of Beasts)
 19976 | Lair:5   | Received a gift from Trog
 20155 | Lair:5   | Reached skill level 15 in Fighting
 20838 | Lair:5   | Reached skill level 15 in Armour
 20841 | Lair:5   | Killed redmage's ghost
 20852 | Lair:5   | Identified the +1 helmet of Omission {rF+}
 21152 | D:12     | Found a staircase to the Orcish Mines.
 21152 | D:12     | Paralysed by an orc sorcerer for 5 turns
 21160 | D:12     | Reached XP level 15. HP: 141/141 MP: 14/14
 21745 | D:12     | Identified the +6 scale mail of the Shifting Gods {Rampage
                  | *Slow Will+}
 22053 | Orc:1    | Entered Level 1 of the Orcish Mines
 22136 | Orc:1    | Noticed Fannar
 22148 | Orc:1    | Killed Fannar
 22547 | Orc:2    | Entered Level 2 of the Orcish Mines
 22582 | Orc:1    | Noticed Nergalle
 22590 | Orc:1    | Killed Nergalle
 22682 | Orc:2    | Noticed Sonja
 22685 | Orc:2    | Noticed Azrael
 22918 | Orc:2    | Killed Azrael
 22985 | Orc:2    | Received a gift from Trog
 23129 | Orc:2    | Killed Sonja
 23374 | Orc:2    | Found Potan's Jewellery Shoppe.
 23374 | Orc:2    | Found Wiropous's Antique Weapon Boutique.
 23374 | Orc:2    | Found Feotuari's Book Shop.
 23377 | Orc:2    | Found Pigeon's General Store.
 23385 | Orc:2    | Bought an amulet of reflection for 480 gold pieces
 23635 | Orc:2    | Noticed Josephine
 23649 | Orc:2    | Killed Josephine
 23781 | Orc:2    | Found a staircase to the Elven Halls.
 24224 | D:13     | Identified the +2 flail of Hubris {freeze, rElec rC+}
 24319 | D:13     | Found a runed translucent door.
 24321 | D:13     | Found a shimmering altar of Xom.
 24321 | D:13     | Noticed diceflayer's ghost (journeyman DsHu)
 24420 | D:13     | Received a gift from Trog
 25040 | D:13     | Slain by a catoblepas

Illustrated notes

Levels and vault maps discovered:
D:1:      dpeg_arrival_court, layout_basic
D:2:      layout_rooms, minivault_26, uniq_natasha, uniq_robin
D:3:      layout_basic, grunt_qazlal_clouds,
          shapermc_ecumenical_altar_mp_vishouse, nicolae_nh_oracle_at_delphi,
          uniq_sigmund
D:4:      layout_cave_pools, mainiacjoe_overflow_alcove_2
D:5:      layout_cave_pools, nicolae_overflow_squiral,
          minmay_temple_entry_statues_pillars, serial_shops, shop, shop,
          kennysheep_generic_room_6
D:6:      lemuel_slime, layout_loops_cross, nicolae_ossuary_entry_giza
D:7:      minmay_s_stair_smasher, layout_basic, uniq_duvessa
D:8:      layout_loops_ring, ebering_ghost_rock_garden, enter_bailey_1
D:9:      layout_gridville, gammafunk_ghost_wrathful_warriors,
          minmay_hedge_maze, uniq_erolcha
D:10:     layout_loops_ring, makhleb_altar_promises_db,
          hangedman_abyss_or_decor_stagger, hangedman_fish_farm
D:11:     layout_roguey, erik_lair_orcish_takeover, led_xom_imps, uniq_grum
D:12:     layout_roguey, zombieorc1_lemuel
D:13:     layout_basic, ebering_ghost_xom, minivault_16
Lair:1:   layout_long_grid, grunt_megastairs_5
Lair:2:   layout_regular_city, elwin_shoals_entry_rooms,
          guppyfry_snake_entry_island, portal_ice_cave_demonic_guard,
          hellmonk_ghost_happy_afterlife
Lair:3:   layout_hall_layers, lemuel_fruit_fields
Lair:4:   layout_gridlike, ebering_ghost_xom, kennysheep_abandoned_house,
          lemuel_fruit_fields
Lair:5:   hangedman_lair_caniforms_friends, layout_regular_city,
          guppyfry_lair_end_dragon, minmay_slime_entry_jelly_boxes,
          gammafunk_ghost_arena, dreamdust_mushroom_princess
Orc:1:    layout_diamond_mine, basic_altar, uniq_nergalle, uniq_fannar
Orc:2:    st_orc_rangers, layout_diamond_mine, basic_altar,
          nicolae_orc_bridge_out, uniq_azrael, uniq_josephine, uniq_sonja

Skill      XL: |  1  2  3  4  5  6  7  8  9 10 11 12 13 14 15 |
---------------+----------------------------------------------+-----
Axes           | 4 5 6 7 9 10 11 12 14 15 | 15.8
Fighting       | 4 5 6 7 9 10 11 12 13 15 | 15.7
Armour         | 3 4 5 6 7 8 10 11 12 13 15 | 15.7
Dodging        | 3 4 5 6 8 9 10 11 12 13 14 | 14.4
Shields        | 1 4 6 8 10 11 13 14 | 14.0

Action                     |  1- 3 |  4- 6 |  7- 9 | 10-12 | 13-15 || total
---------------------------+-------+-------+-------+-------+-------++-------
  Melee: Hand axe          |    75 |   111 |   299 |   549 |   698 ||  1732
         Headbutt          |     8 |    16 |    70 |   119 |   251 ||   464
         Punch             |     1 |     2 |     2 |       |       ||     5
         Broad axe         |       |       |       |       |   402 ||   402
  Throw: Boomerang         |       |     2 |       |    16 |       ||    18
 Invoke: Berserk           |     1 |     2 |     6 |    15 |    14 ||    38
         Trog's Hand       |       |       |       |     3 |     5 ||     8
         Brothers in Arms  |       |       |       |     1 |     2 ||     3
    Use: Scroll            |       |       |     8 |     7 |     5 ||    20
   Stab: Petrified         |       |       |       |    13 |     1 ||    14
 Armour: Animal skin       |     7 |       |       |       |       ||     7
         Ring mail         |    36 |    35 |       |       |       ||    71
         Plate armour      |       |       |   192 |   284 |   556 ||  1032
  Dodge: Dodged            |    44 |    68 |   135 |   249 |   419 ||   915
  Block: Kite shield       |       |       |    82 |   214 |       ||   296
         Tower shield      |       |       |       |   154 |  1080 ||  1234
         Reflection        |       |       |       |       |    33 ||    33
